 Dungeon Crawl Stone Soup version 0.28.0-45-g0d030f2227 (webtiles) character file.

Game seed: 13599839877771114425

53 nickcage the Firebug (level 3, -1/19 HPs)
             Began as a Deep Elf Fire Elementalist on Apr 5, 2022.
             Slain by an orc wizard
             ... wielding a +0 dagger
              (4 damage)
             ... on level 3 of the Dungeon on Apr 11, 2022.
             The game lasted 00:05:30 (1548 turns).

nickcage the Firebug (Deep Elf Fire Elementalist)   Turns: 1548, Time: 00:05:30

Health: -1/19      AC:  2    Str:  5    XL:     3   Next: 62%
Magic:  1/9        EV: 12    Int: 21    God:
Gold:   78         SH:  0    Dex: 15    Spells: 5/8 levels left

rFire   . . .      SeeInvis .   h - +1 whip (drain)
rCold   . . .      Faith    .   (no shield)
rNeg    . . .      Spirit   .   a - +0 robe
rPois   +          Reflect  .   (no helmet)
rElec   .          Harm     .   (no cloak)
rCorr   .          Rampage  .   (no gloves)
Will    .....                   (no boots)
Stlth   ++........              (no amulet)
HPRegen 0.06/turn               g - ring of poison resistance
MPRegen 0.11/turn               (no ring)

@: no status effects
A: no striking features
a: no special abilities


You were on level 3 of the Dungeon.
You visited 1 branch of the dungeon, and saw 3 of its levels.

You collected 78 gold pieces.

Inventory:

Hand Weapons
 e - a +0 whip
 h - a +1 whip of draining (weapon)
Armour
 a - a +0 robe (worn)
Jewellery
 g - a ring of poison resistance (left hand)
Scrolls
 b - 6 scrolls of identify {unknown}
 d - a scroll of fear {unknown}
Potions
 c - a potion of curing {unknown}
 f - a potion of might {unknown}
 i - a potion of cancellation {unknown}
 j - a potion of flight {unknown}
 k - a potion of attraction {unknown}
 l - a potion of mutation {unknown}


   Skills:
 - Level 2.4 Dodging
 - Level 2.4 Stealth
 - Level 3.0 Spellcasting
 * Level 2.2 Conjurations
 + Level 4.7 Fire Magic


You had 5 spell levels left.
You knew the following spells:

 Your Spells              Type           Power      Damage    Failure   Level
a - Foxfire               Conj/Fire      68%        2x1d7     3%          1
b - Scorch                Fire           44%        2d7       3%          2

Your spell library contained the following spells:

 Spells                   Type           Power      Damage    Failure   Level
 Conjure Flame            Conj/Fire      17%        6-21      10%         3
 Inner Flame              Hex/Fire       13%        N/A       16%         3
 Flame Wave               Conj/Fire      17%        2d6       32%         4


Dungeon Overview and Level Annotations

Branches:
Dungeon (3/15)

Altars:


Message History

The orc shouts!
The hobgoblin shouts!
You hear a shout!
You hear an angry hiss.
An orc comes into view. It is wielding a +0 short sword.
The orc shouts!
Flames lash the hobgoblin.
You kill the hobgoblin!
An orc wizard comes into view. It is wielding a +0 dagger.
Flames lash the orc.
You kill the orc!
The orc wizard shouts!
An orc comes into view. It is wielding a +0 mace.
Flames lash the orc.
The orc is almost dead.
The orc's fire resistance burns away.
You hear an angry hiss.
The orc hits you with a +0 short sword.
You barely miss the orc.
The orc is almost dead.
The orc misses you.
You closely miss the orc.
The orc is almost dead.
The orc barely misses you.
You hit the orc.
You kill the orc!
The orc wizard gestures wildly while chanting.
The orc wizard flickers and vanishes!
Deactivating autopickup; reactivate with Ctrl-A.
Flames lash something.
The orc hits you with a +0 mace.
Flames lash the orc.
You kill the orc!
A frilled lizard comes into view.
Something hits you.
The frilled lizard hisses angrily.
You hit something but do no damage. Something hits you.
You hit something but do no damage.
You hear some strange, mumbled words.
A magic dart appears from out of thin air!
The magic dart hits you.
* * * LOW HITPOINT WARNING * * *
You hit something. Something hits you.
You die...

####.#..♣♣.. #....##..♣♣♣
########.######....
#........# #....
#.######## #....
######.#....##### #....
...........†...$.. ......
#######.#.....<######....
#.@.##.### #.### ###{##.#
#.# #......♣ #
.PP.oP$P...P♣.♣
P.oP).o.).$♣$.♣
......P...♣♣.P.♣
..###....♣. .PP. .
+......♣ ♣.P #.....♣♣ ..


There were no monsters in sight!

Vanquished Creatures
  2 adders (D:2)
  2 worms
  A dart slug (D:1)
  3 orcs (D:3)
  2 ball pythons (D:2)
  An endoplasm (D:2)
  A giant cockroach (D:2)
  3 hobgoblins
  A quokka (D:1)
  2 bats
  4 frilled lizards
  4 kobolds
  A rat (D:3)
27 creatures vanquished.

Vanquished Creatures (others)
  18 foxfires (D:1)
  8 plants (D:3)
26 creatures vanquished.

Grand Total: 53 creatures vanquished

Notes
Turn   | Place    | Note
-------+----------+-------------------------------------------
     0 | D:1      | nickcage the Deep Elf Fire Elementalist began the quest for
                  | the Orb.
     0 | D:1      | Reached XP level 1. HP: 10/10 MP: 6/6
   261 | D:1      | Reached XP level 2. HP: 15/15 MP: 5/8
   264 | D:1      | Learned a level 2 spell: Scorch
   715 | D:2      | Reached skill level 4 in Fire Magic
   913 | D:2      | Reached XP level 3. HP: 18/19 MP: 6/9
  1408 | D:3      | Found a faded altar of an unknown god.
  1548 | D:3      | Slain by an orc wizard

Illustrated notes

Levels and vault maps discovered:
D:1:      wander_arrival_fairy_ring, layout_rooms, serial_forest,
          infiniplex_forest_end_1, infiniplex_forest_lined_ring,
          infiniplex_forest_clump_curved, infiniplex_forest_straight_2,
          infiniplex_forest_clump_medium, infiniplex_forest_clump_tiny,
          infiniplex_forest_straight_1, infiniplex_forest_lined_2,
          infiniplex_forest_join, serial_bayou_pond_e
D:2:      layout_loops_cross, kennysheep_generic_room_9
D:3:      wad_woods_settlement, layout_basic,
          shapermc_ecumenical_altar_totnotflames

Skill      XL: |  1  2 |
---------------+-------+-----
Fire Magic     | 4 |  4.7
Conjurations   | 2 |  2.2
Dodging        | |  2.4
Stealth        | |  2.4
Spellcasting   | |  3.0

Action                   || total
-------------------------++-------
Melee: Whip              ||    16
       Unarmed           ||     1
 Cast: Foxfire           ||    10
       Scorch            ||    21
 Stab: Sleeping          ||     1
Armor: Robe              ||     6
Dodge: Dodged            ||    14
